[Event "ESTCC U50 2018"]
[Site "Walbrzych"]
[Date "2018.04.15"]
[Round "2"]
[White "Wielosz, Jaroslaw"]
[Black "Germann, Martin"]
[Result "1-0"]
[ECO "A16"]
[WhiteElo "2038"]
[BlackElo "1755"]
[Annotator "NA RC"]
[PlyCount "65"]
[EventDate "2018.??.??"]
[EventCountry "POL"]
[SourceTitle "playchess.com"]
[Source "ChessBase"]
[SourceQuality "1"]
[WhiteTeam "Poland"]
[BlackTeam "Switzerland"]
[WhiteTeamCountry "POL"]
[BlackTeamCountry "SUI"]
[TimeControl "40/5400+30:1800+30"]

1. c4 Nf6 2. Nc3 c5 3. Nf3 d6 {A34: Symmetrical English: 2 Nc3, lines with ...d5} (3... Nc6 4. e3 e6 5. d4 d5 6. a3 dxc4 7. Bxc4 a6 8. O-O b5 9. Ba2 Bb7 10. Qe2 Qc7 11. Bd2 Be7 12. Rac1 c4 13. e4 Rd8 14. Be3 Ng4 15. e5 Na5 16. Bf4 Qb6 17. Rcd1 h5 18. h3 {½-½ (96) Ding,L (2769)-Grischuk,A (2767) Berlin 2018}) 4. g3 a6 5. Bg2 Qc7 6. d3 e6 7. a3 Be7 8. O-O O-O 9. Rb1 b6 $146 ({Predecessor:} 9... Bd7 10. b3 Bc6 11. Bb2 {1-0 (44) Pallos,L (2250)-Mike,A (1900) Fuzesabony 1994}) 10. Bd2 Bb7 11. b4 cxb4 12. axb4 Nbd7 13. Qb3 Rab8 14. Rfc1 Rfc8 15. b5 Nc5 16. Qd1 a5 17. Nd4 Bxg2 18. Kxg2 Qb7+ 19. Nc6 Ra8 20. d4 Nce4 21. Nxe4 Nxe4 22. f3 Nxd2 23. Qxd2 Bf6 24. e3 Re8 25. f4 e5 26. fxe5 dxe5 $14 27. d5 e4 28. Rf1 a4 29. Rxf6 gxf6 30. Qd4 Kg7 31. Rf1 a3 32. Qxf6+ Kg8 33. Rf5 1-0

[Event "ESTCC U50 2018"]
[Site "Walbrzych"]
[Date "2018.04.15"]
[Round "2"]
[White "De la Orden Alcocer, Alejandro"]
[Black "Telenius, Kimmo"]
[Result "1/2-1/2"]
[ECO "A10"]
[WhiteElo "2013"]
[BlackElo "1603"]
[Annotator "NA RC"]
[PlyCount "109"]
[EventDate "2018.??.??"]
[EventCountry "POL"]
[SourceTitle "playchess.com"]
[Source "ChessBase"]
[SourceQuality "1"]
[WhiteTeam "Spain"]
[BlackTeam "Finland"]
[WhiteTeamCountry "ESP"]
[BlackTeamCountry "FIN"]
[TimeControl "40/5400+30:1800+30"]

1. c4 d6 2. g3 Nf6 3. Bg2 g6 4. Nc3 Bg7 5. Nf3 O-O 6. Rb1 Re8 7. O-O e5 8. d3 Nc6 9. Bg5 h6 {[%emt 0:02:03] A26: English Opening vs King's Indian with ...Nc6 and d3} 10. Bxf6 {[%emt 0:01:05] LiveBook: 19 Games} Bxf6 11. b4 Rb8 $146 ({Find the theoretical novelty and annotate with similar games:} 11... a6 12. a4 Bg7 13. b5 axb5 14. axb5 Ne7 15. Qb3 Be6 16. Nd2 c6 17. Rfc1 d5 18. Qb4 Nf5 19. bxc6 bxc6 20. Qb6 Rc8 21. Qxd8 Rexd8 22. Na4 Bf8 23. e3 Rb8 24. Ra1 d4 {0-1 (58) Valdes Romero,L (2402)-Cuenca Jimenez,J (2483) Roquetas de Mar 2015}) 12. Re1 Be6 13. Nd2 Qd7 14. b5 Ne7 15. Qb3 Bg7 16. Qa3 d5 17. cxd5 Nxd5 18. Nxd5 Bxd5 19. Bxd5 Qxd5 20. Rec1 Bf8 21. Qa4 Rbc8 22. Qxa7 Ra8 23. Ne4 Kg7 ({Avoid the trap} 23... Qxe4 $2 24. Qxa8 Rxa8 25. dxe4 $18) 24. Nc3 Rxa7 25. Nxd5 Rxa2 26. Nxc7 Rd8 27. Kf1 e4 28. Rc3 $2 ({Better is} 28. dxe4 $16 Rdd2 29. Re1) 28... b6 29. Na6 exd3 30. Rxd3 Rc8 (30... Rxd3 $11 31. exd3 Rd2) 31. Rd7 Rcc2 32. Nb4 Rab2 33. Rxb2 Rxb2 34. Nc6 Rxb5 35. Nd8 Rf5 36. e4 Re5 37. Nxf7 Re7 38. Rxe7 Bxe7 39. Ne5 b5 40. Ke2 b4 41. Kd2 h5 42. h3 g5 43. Nd3 Kf6 44. Kc2 g4 45. h4 Bf8 46. Nf4 Bc5 47. Nd3 Bd4 48. Kb3 Bc3 49. Kc4 Ke6 50. Kb3 Bd2 51. Kc2 Bc3 52. Kd1 Bd4 53. Kd2 b3 $11 54. Kd1 Kf6 55. Kc1 1/2-1/2

[Event "ESTCC U50 2018"]
[Site "Walbrzych"]
[Date "2018.04.15"]
[Round "2"]
[White "Roth, Martin"]
[Black "Ograbek, Grzegorz"]
[Result "0-1"]
[ECO "C13"]
[WhiteElo "2008"]
[BlackElo "2140"]
[Annotator "NA RC"]
[PlyCount "67"]
[EventDate "2018.??.??"]
[EventCountry "POL"]
[SourceTitle "playchess.com"]
[Source "ChessBase"]
[SourceQuality "1"]
[WhiteTeam "SUI"]
[BlackTeam "POL"]
[WhiteTeamCountry "GER"]
[BlackTeamCountry "POL"]
[TimeControl "40/5400+30:1800+30"]

1. e4 e6 2. d4 d5 3. Nc3 Nf6 4. Bg5 dxe4 5. Nxe4 Be7 6. Nxf6+ gxf6 7. Bf4 c5 8. dxc5 Qxd1+ 9. Rxd1 Bxc5 10. Bd6 {[%emt 0:08:16] C13: French: Classical System: 4 Bg5 Be7, Alekhine-Chatard Attack} Bxd6 11. Rxd6 Bd7 $146 ({Predecessor:} 11... Nc6 12. Bb5 Bd7 13. Ne2 Rg8 14. O-O Ke7 15. Rfd1 Rad8 16. Ng3 a6 17. Ba4 b5 {0-1 (68) Hasenoehrl,M-Pronold,H (2315) Freilassing 1992}) 12. Be2 Nc6 13. c3 Rg8 14. g3 Ne5 15. f3 (15. Nh3 $15) 15... Bc6 16. Kf2 Bd5 17. Bb5+ Ke7 18. Rxd5 exd5 19. Ne2 (19. f4 $17) 19... a6 20. Ba4 Nd3+ 21. Kg2 Nxb2 22. Bc2 Kd6 23. Bxh7 Rge8 24. Nd4 b5 25. Bf5 Re3 26. Rb1 Na4 27. Bc2 Rxc3 28. Bxa4 bxa4 29. Rd1 Rb8 30. Rd2 a3 31. Kf2 Rb2 $19 32. Ke2 Kc5 33. Nb3+ Rcxb3 34. axb3 0-1

[Event "ESTCC U50 2018"]
[Site "Walbrzych"]
[Date "2018.04.15"]
[Round "2"]
[White "Czyz, Andrzej"]
[Black "Aegerter, Klaus"]
[Result "1-0"]
[ECO "A02"]
[WhiteElo "1999"]
[BlackElo "1731"]
[Annotator "NA RC"]
[PlyCount "124"]
[EventDate "2018.??.??"]
[EventCountry "POL"]
[SourceTitle "playchess.com"]
[Source "ChessBase"]
[SourceQuality "1"]
[WhiteTeam "Poland"]
[BlackTeam "Switzerland"]
[WhiteTeamCountry "POL"]
[BlackTeamCountry "SUI"]
[TimeControl "40/5400+30:1800+30"]

1. f4 g6 2. e4 Bg7 3. Nf3 d6 4. Bc4 e6 5. O-O {[%emt 0:02:22] B07: Pirc Defence: Miscellaneous Systems} (5. d3 Ne7 6. Bb3 a6 7. Nc3 b5 8. a4 b4 9. Ne2 a5 10. Ng3 O-O 11. O-O c5 12. h4 Kh8 {1-0 (21) Predke,A (2601)-Basiev,V (1990) Sochi 2017}) 5... Nf6 6. Qe2 ({Better is} 6. e5 $14 Nfd7 7. d4) 6... O-O 7. Bb3 $146 ({Find the theoretical novelty and annotate with similar games:} 7. Nc3 c6 8. d3 b5 9. Bb3 a5 10. a4 b4 11. Nd1 Ba6 12. Nf2 c5 {0-1 (68) Amoros Aguilar,L-Prats Rodriguez,J (2166) Barcelona 2002}) 7... c5 8. Nc3 Nc6 9. d3 a6 10. a4 Bd7 11. h3 Rb8 12. e5 dxe5 13. fxe5 Ne8 14. Be3 b6 15. Bf2 Qc7 16. Rae1 Ne7 17. d4 cxd4 18. Bxd4 Nf5 19. Bf2 b5 20. axb5 axb5 21. Nd4 Nxd4 22. Bxd4 b4 23. Ne4 Bb5 24. Qe3 Bxf1 25. Rxf1 h6 ({Black should try} 25... Bxe5 $17 26. Bxe5 Qxe5 27. Nf6+ Qxf6 28. Rxf6 Nxf6) 26. Nc5 Rd8 27. Nd3 Qc8 28. Bc5 ({Don't take} 28. Nxb4 Nc7 $14) 28... Nc7 29. Bxf8 Bxf8 30. Qf4 Rd7 31. Ba4 Re7 32. Qxb4 Nd5 33. Qe4 Rc7 34. Bb3 Rd7 35. Kh1 Qc7 36. Qf3 Bg7 37. Ba4 Re7 38. Qe4 Qa7 39. Bb3 Rd7 40. Re1 Ne7 41. Qe3 Qa5 42. Qc5 Qd2 43. Rf1 Qg5 44. Qf2 Nf5 45. Kg1 h5 46. Ba4 Rd4 47. Bb3 Rh4 48. Kh2 Rd4 49. g3 Kh7 50. Re1 Rd7 (50... Qd8 $17) 51. Re4 Bh6 52. Ba4 Rd8 53. b4 Ra8 54. b5 Kg7 55. b6 Ne3 $2 (55... Rb8 $11 {and Black stays safe.}) 56. b7 Rb8 57. Bc6 Qd8 $2 (57... Nf5 58. Ra4 Qe7) 58. Rxe3 Qb6 59. Qf6+ Kg8 60. Rf3 Rf8 61. Be4 Qb1 62. Bxg6 $18 Qb4 1-0

[Event "ESTCC U50 2018"]
[Site "Walbrzych"]
[Date "2018.04.15"]
[Round "2"]
[White "Giulian, Rosemary A"]
[Black "Kivimaki, Jaakko"]
[Result "0-1"]
[ECO "C60"]
[WhiteElo "1880"]
[BlackElo "2181"]
[Annotator "RC"]
[PlyCount "111"]
[EventDate "2018.??.??"]
[EventCountry "POL"]
[SourceTitle "playchess.com"]
[Source "ChessBase"]
[SourceQuality "1"]
[WhiteTeam "Scotland"]
[BlackTeam "Finland"]
[WhiteTeamCountry "SCO"]
[BlackTeamCountry "FIN"]
[TimeControl "40/5400+30:1800+30"]

1. e4 e5 2. Nf3 Nc6 3. Bb5 Nge7 4. O-O Ng6 5. c3 a6 6. Ba4 Be7 7. d4 d6 8. d5 b5 9. Bc2 Na5 10. a4 Bd7 11. Nbd2 c5 12. dxc6 Nxc6 13. b4 O-O 14. a5 Rc8 15. g3 Bg4 16. Bd3 Qd7 17. Qb3 Bf6 18. c4 Nd4 19. Nxd4 exd4 20. Qb1 bxc4 21. Bxc4 Rxc4 22. Nxc4 Be2 23. Nd2 Bxf1 24. Nxf1 Ne5 25. Bd2 Qb7 26. Ra3 d3 27. Bf4 Nf3+ 28. Kh1 Qxe4 29. Qxd3 Ng5+ 30. Qxe4 Nxe4 31. f3 Nc3 32. Bd2 Nb5 33. Rd3 Rc8 34. Ne3 Bc3 35. Nf5 Kf8 36. Bxc3 Rxc3 37. Rxc3 Nxc3 38. Nxd6 Ke7 39. Nf5+ Kd7 40. Nd4 Kd6 41. Kg2 Kd5 42. Nb3 Kc4 43. Nc5 Kb5 44. Kf2 Nd5 45. Ke2 Nxb4 46. Nb7 Nc6 47. Nd6+ Kxa5 48. Nxf7 Kb4 49. Kd3 a5 50. f4 Kb3 51. Ne5 Nb4+ 52. Kd4 a4 53. Nc4 Nc2+ 54. Kd5 Ne3+ 55. Nxe3 a3 56. Ke5 0-1

[Event "ESTCC U50 2018"]
[Site "Walbrzych"]
[Date "2018.04.15"]
[Round "2"]
[White "Puroila, Sippo"]
[Black "Lopez de Turiso, Jose Angel"]
[Result "0-1"]
[ECO "A10"]
[WhiteElo "1838"]
[BlackElo "2064"]
[Annotator "NA RC"]
[PlyCount "114"]
[EventDate "2018.??.??"]
[EventCountry "POL"]
[SourceTitle "playchess.com"]
[Source "ChessBase"]
[SourceQuality "1"]
[WhiteTeam "Finland"]
[BlackTeam "Spain"]
[WhiteTeamCountry "FIN"]
[BlackTeamCountry "ESP"]
[TimeControl "40/5400+30:1800+30"]

1. c4 b6 2. Nc3 Bb7 3. d4 f5 4. Bg5 g6 5. f3 Bg7 6. e4 fxe4 7. fxe4 c5 8. d5 $1 d6 9. Nf3 Nd7 10. Bd3 Nh6 11. Qd2 Nf7 12. O-O Nde5 13. Nxe5 Bxe5 14. Rf3 O-O 15. Raf1 Bg7 16. Be3 Ne5 17. Rxf8+ Bxf8 18. Be2 Qd7 19. h3 Bg7 20. a4 Rf8 21. Rxf8+ Kxf8 22. Bh6 a6 23. Qf4+ Kg8 24. Bxg7 Kxg7 25. b3 Bc8 26. Nd1 Qe8 27. Ne3 Qf7 28. Qxf7+ Kxf7 29. Kf2 Kf6 30. g4 Nf7 31. h4 $19 (31. Ng2 $17 {was called for.}) 31... Ke5 32. Kf3 Kd4 33. Nf5+ gxf5 34. exf5 Ke5 35. Ke3 Nd8 36. Bd3 h6 37. Bc2 Nb7 38. Bd1 Na5 39. Kd3 h5 40. gxh5 Bxf5+ 41. Kc3 Kf6 42. Be2 Kg7 43. Bf3 Kh6 44. Be2 Bd7 45. Bf3 Be8 46. Bg4 Bxh5 47. Bc8 Bd1 48. b4 Nb3 49. Bxa6 Kh5 50. Bb5 Kxh4 51. Be8 Kg5 52. Bf7 Kf6 53. Be6 Ke5 54. Bg8 cxb4+ 55. Kxb4 Nc5 56. a5 bxa5+ 57. Kxa5 Be2 0-1

[Event "ESTCC U50 2018"]
[Site "Walbrzych"]
[Date "2018.04.15"]
[Round "2"]
[White "Sidler, Samuel"]
[Black "Strzelecki, Jerzy"]
[Result "0-1"]
[ECO "B40"]
[WhiteElo "1833"]
[BlackElo "2038"]
[Annotator "NA RC"]
[PlyCount "76"]
[EventDate "2018.??.??"]
[EventCountry "POL"]
[SourceTitle "playchess.com"]
[Source "ChessBase"]
[SourceQuality "1"]
[WhiteTeam "Switzerland"]
[BlackTeam "Poland"]
[WhiteTeamCountry "SUI"]
[BlackTeamCountry "POL"]
[TimeControl "40/5400+30:1800+30"]

1. e4 c5 2. Nf3 e6 3. d4 cxd4 4. c3 Nf6 5. e5 Nd5 6. cxd4 d6 7. Nc3 Nc6 {LiveBook: 110 Games} 8. Be2 {B22: Sicilian: 2 c3} (8. exd6 Qxd6 9. Bd3 Be7 10. O-O O-O 11. Ne4 Qd8 12. a3 b6 13. Be3 Bb7 14. Rc1 Rc8 15. Qe2 Nb8 16. Rxc8 Qxc8 17. Rc1 Qd8 18. Ne5 Nxe3 19. fxe3 Nd7 20. Nc6 Bxc6 21. Rxc6 Nf6 22. Nxf6+ Bxf6 23. Be4 Bg5 24. g3 Qd7 25. Kf2 f5 26. Bf3 Rc8 27. Qc4 {½-½ (27) Sevillano,E (2526)-Arnold,M (2540) Los Angeles 2012}) 8... Be7 9. O-O O-O 10. a3 $146 ({Predecessor:} 10. Nxd5 exd5 11. Bf4 Be6 12. Qd2 Rc8 13. Rac1 dxe5 14. Nxe5 Nxe5 15. Bxe5 Qb6 16. Bd3 Bd6 17. Bxd6 Qxd6 {½-½ (25) Dickson,G (2171)-Rawlinson,A (2183) Sunningdale 2006}) 10... dxe5 11. Nxd5 exd5 12. dxe5 Be6 13. Bf4 Rc8 14. Qd3 Qb6 15. Bd1 Rfd8 16. Be3 d4 ({Worse is} 16... Qxb2 17. Bc2 $16) 17. Bc1 g6 18. Re1 a5 19. h3 Rd7 20. g4 (20. Ba4 $11) 20... Rdc7 21. Ba4 Rd8 22. Ng5 Bd5 23. e6 f6 24. Nxh7 Kxh7 25. Bc2 {[#]} Rg8 $19 26. Qd2 Rg7 27. Qh6+ Kg8 28. Bxg6 Bd8 29. Qh5 Ne5 30. Rxe5 fxe5 31. Bf7+ Rcxf7 32. exf7+ Bxf7 33. Qxe5 Bc7 34. Qe2 Qd6 35. f4 d3 36. Qd2 Bb6+ 37. Kf1 Qd4 38. Qh2 d2 0-1

[Event "ESTCC U50 2018"]
[Site "Walbrzych"]
[Date "2018.04.15"]
[Round "2"]
[White "Webster, Jim J"]
[Black "Sihvonen, Tero"]
[Result "0-1"]
[ECO "D10"]
[WhiteElo "1769"]
[BlackElo "1988"]
[Annotator "NA RC"]
[PlyCount "72"]
[EventDate "2018.??.??"]
[EventCountry "POL"]
[SourceTitle "playchess.com"]
[Source "ChessBase"]
[SourceQuality "1"]
[WhiteTeam "Scotland"]
[BlackTeam "Finland"]
[WhiteTeamCountry "SCO"]
[BlackTeamCountry "FIN"]
[TimeControl "40/5400+30:1800+30"]

1. d4 d5 2. c4 c6 3. cxd5 cxd5 4. Nc3 Nc6 5. Bf4 a6 6. Nf3 Nf6 7. e3 Nh5 {[%emt 0:09:34] D13: Slav Defence: Exchange variation without ...Bf5} (7... Bg4 8. Be2 e6 9. O-O Be7 10. Rc1 Nd7 11. h3 Bh5 12. Qb3 Qb6 13. Nd2 Bxe2 14. Nxe2 Qxb3 15. Nxb3 f6 16. a3 Kf7 17. Rc2 Nb6 {0-1 (56) Melkumyan,H (2633)-Carlsen,M (2837) Riadh 2017}) 8. Bg3 Nxg3 9. hxg3 e6 10. a3 Bd7 11. Bd3 g6 12. Qe2 Bg7 13. O-O $146 ({Predecessor:} 13. Rc1 Rc8 14. b4 Rc7 15. b5 {½-½ (31) Cast,A (2121)-Binks,M (2154) Swansea 2001}) 13... O-O 14. Rfd1 b5 15. Bc2 Qb6 16. Rac1 Na5 17. b3 b4 18. Na4 $2 ({Better is} 18. axb4 $15 Qxb4 19. Qe1) 18... Bxa4 19. bxa4 bxa3 20. Rb1 Qd6 21. Qe1 Nc4 22. Rd3 $19 Rfb8 23. Rxb8+ Rxb8 24. Rb3 a5 25. Qb1 Rb4 26. Qa2 Qb6 27. Bd1 Bf8 28. Bc2 Bd6 29. Kh2 f5 30. Bd1 Kg7 31. Ne1 Nb2 32. Bc2 Rxb3 33. Bxb3 Qb4 34. Nf3 Kf6 35. Kh3 g5 36. g4 h5 0-1

[Event "ESTCC U50 2018"]
[Site "Walbrzych"]
[Date "2018.04.15"]
[Round "2"]
[White "Szydelko, Kazimierz"]
[Black "Nuenchert, Eveline"]
[Result "1-0"]
[ECO "A56"]
[WhiteElo "1689"]
[BlackElo "2033"]
[Annotator "NA RC"]
[PlyCount "55"]
[EventDate "2018.??.??"]
[EventCountry "POL"]
[SourceTitle "playchess.com"]
[Source "ChessBase"]
[SourceQuality "1"]
[WhiteTeam "Poland"]
[BlackTeam "Germany"]
[WhiteTeamCountry "POL"]
[BlackTeamCountry "GER"]
[TimeControl "40/5400+30:1800+30"]

1. d4 Nf6 2. c4 c5 3. Nf3 cxd4 4. Nxd4 g6 5. Nc3 Bg7 6. e4 d6 7. Be2 Nc6 8. Be3 Bd7 9. O-O O-O 10. Rc1 Nxd4 11. Bxd4 Bc6 12. Qd3 {[%emt 0:08:04] LiveBook: 62 Games} a6 {[%emt 0:03:29] B38: Sicilian: Maroczy Bind with 5...Bg7 and 7...0-0} (12... a5 13. b3 Nd7 14. Bxg7 Kxg7 15. Nd5 Nc5 16. Qe3 e6 17. Nc3 e5 18. Rfd1 Qe7 19. Rd2 Ne6 20. Bf1 f5 21. exf5 Rxf5 {½-½ (63) Eljanov,P (2723)-Guseinov,G (2613) Dubai 2014}) 13. b4 b5 14. Qe3 $146 ({Predecessor:} 14. cxb5 Bxb5 15. Nxb5 axb5 16. Rc2 Qd7 17. Qxb5 Qe6 18. Bxf6 Bxf6 19. Qc4 Qe5 20. Rb1 {1-0 (37) Nicolaescu,N (1380)-Ausan,L (1245) IECG email 2005}) 14... bxc4 15. Bxc4 Ng4 16. Qd3 Ne5 17. Bxe5 Bxe5 18. Bxa6 Bxc3 19. Rxc3 Bxe4 20. Qxe4 Rxa6 21. Qc4 Qb6 22. b5 Ra5 23. Rb1 Rfa8 24. Rb2 Ra4 25. Qe2 Qd4 26. Rd3 $14 Qxb2 27. Qxb2 Rxa2 28. Qb3 1-0